 Dungeon Crawl Stone Soup version 0.20.1-1-g8b1a95d (webtiles) character file.

2861 empire the Cleaver (level 9, -18/79 HPs)
             Began as a Minotaur Fighter on Oct 30, 2017.
             Demolished by an orc knight
             ... wielding a +0 war axe
              (25 damage)
             ... in a bailey.
             The game lasted 00:13:55 (5906 turns).

empire the Cleaver (Minotaur Fighter)               Turns: 5906, Time: 00:13:56

Health: -18/79     AC: 10    Str: 27    XL:     9   Next: 47%
Magic:  8/8        EV: 10    Int:  5    God:
Gold:   178        SH: 11    Dex: 12    Spells: 8/8 levels left

rFire    + . .     SeeInvis .   a - +0 war axe
rCold    + . .     Gourm    .   c - +0 shield
rNeg     . . .     Faith    .   o - +0 chain mail
rPois    .         Spirit   .   (helmet restricted)
rElec    .         Reflect  .   h - scarf {rC+ rF+}
rCorr    .         Harm     .   (no gloves)
MR       .....                  (no boots)
Stlth    ..........             (no amulet)
Regen    0.3/turn               (no ring)
MPRegen  0.2/turn               (no ring)

@: mighty, about to teleport
A: retaliatory headbutt, horns 2
a: no special abilities


You were in a bailey.
You were hungry.

You visited 1 branch of the dungeon, and saw 7 of its levels.
You also visited: Bailey.

You collected 358 gold pieces.
You spent 180 gold pieces at shops.

Inventory:

Hand Weapons
 a - a +0 war axe (weapon)
 d - a cursed -3 long sword
Armour
 c - a +0 shield (worn)
 h - a scarf of resistance (worn)
 o - a +0 chain mail (worn)
 B - a +0 plate armour
Jewellery
 b - a +3 ring of dexterity {unknown}
 m - an uncursed ring of see invisible {unknown}
 s - an uncursed ring of resist corrosion {unknown}
 w - an uncursed amulet of guardian spirit {unknown}
 J - a +4 ring of evasion {unknown}
Wands
 n - a wand of iceblast (0/15)
 v - a wand of iceblast (0/15)
 y - a wand of confusion (23/48)
Scrolls
 e - 4 scrolls of remove curse
 g - a scroll of fear
 j - 4 scrolls of teleportation
 l - 14 scrolls of identify
 r - a scroll of magic mapping
 z - a scroll of enchant armour {unknown}
 A - 2 scrolls of recharging {unknown}
 C - a scroll of amnesia {unknown}
 I - a scroll of blinking {unknown}
 K - a scroll of noise {unknown}
 L - a scroll of enchant weapon {unknown}
Potions
 q - a potion of cancellation
 t - a potion of mutation {unknown}
 u - a potion of brilliance {unknown}
 x - 2 potions of lignification
 E - a potion of degeneration {unknown}
 M - a potion of haste {unknown}
Books
 D - a book of Air

   Spells                             Type                      Level
   a - Shock                          Conjuration/Air              1
   b - Swiftness                      Charms/Air                   2
   c - Static Discharge               Conjuration/Air              3
   d - Airstrike                      Air                          4
   e - Lightning Bolt                 Conjuration/Air              5
Comestibles
 f - 6 bread rations
 i - 4 royal jellies
 p - 2 meat rations
 F - 6 chunks of flesh
 H - a fruit


   Skills:
 + Level 7.3 Fighting
 * Level 9.5 Axes
 + Level 7.3 Armour
 + Level 5.7 Dodging
 + Level 7.2 Shields


You had 8 spell levels left.
You didn't know any spells.

Dungeon Overview and Level Annotations

Branches:
Dungeon (7/15)             Temple (0/1) D:7

Altars:
Ashenzari
Dithmenos
Kikubaaqudgha
Qazlal
Sif Muna
Trog
Uskayaw
Xom

Shops:
D:4 *   D:5 %


Innate Abilities, Weirdness & Mutations

You reflexively headbutt those who attack you in melee.
You have a pair of horns on your head.


Message History

You block the orc's attack. The orc knight hits you with a war axe!
Found an encrusted hand crossbow, a yellow potion and a sack of spiders.
There is an open door, spattered with blood here.
The orc knight hits you with a war axe!!
* * * LOW HITPOINT WARNING * * *
Unknown command.
As you read the scroll of teleportation, it crumbles to dust.
You feel strangely unstable. You block the orc warrior's attack.
A goblin comes into view. It is wielding a hand axe.
As you read the scroll of fear, it crumbles to dust.
You assume a fearsome visage.
The goblin looks frightened!
The orc looks frightened!
The goblin looks frightened!
The orc knight looks frightened!
The orc warrior looks frightened! x2
The orc knight looks frightened!
The goblin looks frightened!
The gnoll looks frightened!
The orc looks frightened!
You slice the orc knight!!
Your attack snaps the orc knight out of its fear.
The orc knight is heavily wounded.
The orc knight hits you with a war axe!!
You die...

#...(≈†≈K...#
#'###≈(≈###'#
#....≈)≈...^#
#'###≈.≈###'#
#...K≈.≈....#
######'######
#...# #..o#
#.@.# ##'##
#.oo# Ko.8o..
..g#go.#g.)
######g######
... ... .!}


You could see 2 orc knights, 2 orc warriors, a gnoll (fleeing), 2 orcs and 3
goblins.

Vanquished Creatures
  Grinder (D:3)
  Sigmund (D:4)
  A yak (D:5)
  2 black bears
  2 orc warriors
  A phantom (D:4)
  6 centaurs
  2 ogres
  A bullfrog (D:7)
  3 scorpions
  A howler monkey (D:4)
  An electric eel (D:6)
  2 centaur zombies (D:5)
  4 crimson imps (D:5)
  A quasit (D:6)
  A jelly (D:5)
  2 hounds (D:5)
  3 orc priests
  4 orc wizards
  2 iguanas
  6 worker ants
  A gnoll (D:5)
  8 adders
  An ooze (D:3)
  3 adder skeletons (D:4)
  An adder zombie (D:6)
  A worm (D:3)
  A dart slug (D:2)
  6 leopard geckos
  20 orcs
  12 bats
  A giant cockroach (D:5)
  3 hobgoblins (D:1)
  5 jackals (D:3)
  17 kobolds
  2 quokkas (D:6)
  5 ball pythons
  6 frilled lizards
  15 goblins
  A jackal skeleton (D:5)
  9 rats
165 creatures vanquished.

Vanquished Creatures (others)
  An orc (D:7)
  A quokka (D:7)
2 creatures vanquished.

Grand Total: 167 creatures vanquished

Notes
Turn   | Place    | Note
-------+----------+-------------------------------------------
     0 | D:1      | empire the Minotaur Fighter began the quest for the Orb.
     0 | D:1      | Reached XP level 1. HP: 19/19 MP: 0/0
   216 | D:1      | Reached XP level 2. HP: 27/27 MP: 1/1
   692 | D:1      | Reached skill level 3 in Axes
  1061 | D:2      | Found a shattered altar of Ashenzari.
  1061 | D:2      | Found a stormy altar of Qazlal.
  1067 | D:2      | Reached XP level 3. HP: 32/33 MP: 2/2
  1251 | D:2      | Found a shimmering altar of Xom.
  1253 | D:2      | Found an ancient bone altar of Kikubaaqudgha.
  1253 | D:2      | Found a shattered altar of Ashenzari.
  1255 | D:2      | Found a stormy altar of Qazlal.
  1255 | D:2      | Found a deep blue altar of Sif Muna.
  1255 | D:2      | Found a bloodstained altar of Trog.
  1483 | D:3      | Noticed Grinder
  1488 | D:3      | Paralysed by Grinder for 2 turns
  1494 | D:3      | Reached skill level 1 in Dodging
  1495 | D:3      | Paralysed by Grinder for 3 turns
  1498 | D:3      | Killed Grinder
  1498 | D:3      | Reached skill level 4 in Axes
  1498 | D:3      | Reached XP level 4. HP: 16/41 MP: 3/3
  1498 | D:3      | Reached XP level 5. HP: 19/47 MP: 4/4
  1976 | D:3      | Reached XP level 6. HP: 53/55 MP: 5/5
  2120 | D:4      | Found a shadowy altar of Dithmenos.
  2134 | D:4      | Reached skill level 5 in Axes
  2152 | D:4      | Reached skill level 5 in Fighting
  2412 | D:4      | Noticed Sigmund
  2446 | D:4      | Reached skill level 5 in Armour
  2446 | D:4      | Reached skill level 5 in Shields
  2446 | D:4      | Reached XP level 7. HP: 58/61 MP: 6/6
  2457 | D:4      | Killed Sigmund
  2457 | D:4      | Reached skill level 6 in Axes
  2739 | D:4      | Found a hide-covered altar of Uskayaw.
  2952 | D:4      | Found Intemm's Assorted Antiques.
  2955 | D:4      | Bought a scroll labeled OTIFUSM HAOCI for 24 gold pieces
  2955 | D:4      | Bought a potion of lignification for 72 gold pieces
  2955 | D:4      | Bought a scroll of fear for 84 gold pieces
  3239 | D:5      | Entered Level 5 of the Dungeon
  3265 | D:5      | Reached XP level 8. HP: 49/70 MP: 7/7
  3280 | D:5      | Reached skill level 7 in Axes
  3813 | D:5      | Found Daj Xevi's Food Emporium.
  3885 | D:5      | Reached skill level 8 in Axes
  4206 | D:5      | Reached skill level 5 in Dodging
  4510 | D:6      | Reached XP level 9. HP: 78/78 MP: 8/8
  5498 | D:6      | Reached skill level 9 in Axes
  5800 | D:7      | Found a flagged portal.
  5817 | Bailey   | Entered a bailey
  5897 | Bailey   | Noticed an orc knight
  5897 | Bailey   | Noticed an orc knight
  5906 | Bailey   | Demolished by an orc knight

Skill      XL: |  1  2  3  4  5  6  7  8  9 |
---------------+----------------------------+-----
Axes           | 3 4 5 6 8 9 |  9.5
Fighting       | 4 5 6 7 |  7.3
Dodging        | 2 3 4 5 |  5.7
Armour         | 4 5 6 7 |  7.3
Shields        | 4 5 6 7 |  7.2

Action                   |  1- 3 |  4- 6 |  7- 9 || total
-------------------------+-------+-------+-------++-------
Melee: War axe           |    94 |    71 |   287 ||   452
       Headbutt          |    13 |    10 |    47 ||    70
Evoke: Wand              |       |       |     6 ||     6
  Use: Scroll            |     4 |     1 |     5 ||    10
       Potion            |     1 |     3 |     7 ||    11
  Eat: Chunk             |     2 |     2 |    12 ||    16
Armor: Scale mail        |    49 |       |       ||    49
       Chain mail        |     6 |    39 |   146 ||   191
       Skin              |       |     9 |       ||     9
Dodge: Dodged            |    43 |    26 |   109 ||   178
Block: Shield            |    51 |    39 |   216 ||   306
